 Dungeon Crawl Stone Soup version 0.20.0-10-g0535bb4 (webtiles) character file.

3542 Gorglomux the Severer (level 10, -3/83 HPs)
             Began as a Hill Orc Monk on June 3, 2017.
             Was an Elder of Beogh.
             Killed from afar by Erica (26 damage)
             ... with an orb of energy
             ... on level 8 of the Dungeon.
             The game lasted 00:11:16 (7388 turns).

Gorglomux the Severer (Hill Orc Monk)               Turns: 7388, Time: 00:11:16

Health: -3/83      AC: 11    Str: 15    XL:     10   Next: 9%
Magic:  9/10       EV:  7    Int: 10    God:    Beogh [****..]
Gold:   396        SH:  0    Dex: 16    Spells: 9/9 levels left

rFire    . . .     SeeInvis +   V - +1 hand axe (elec)
rCold    . . .     Gourm    .   (no shield)
rNeg     . . .     Faith    .   B - +0 chain mail
rPois    .         Spirit   .   K - +1 hat
rElec    .         Reflect  .   (no cloak)
rCorr    .         Harm     .   (no gloves)
MR       .....                  x - +1 pair of boots
Stlth    ..........             (no amulet)
Regen    0.3/turn               s - ring of see invisible
MPRegen  0.2/turn               y - +2 ring of slaying

@: slowed, very slow
A: no striking features
a: Smiting, Recall Orcish Followers, Renounce Religion


You were on level 8 of the Dungeon.
You worshipped Beogh.
Beogh was greatly pleased with you.
You were not hungry.

You visited 1 branch of the dungeon, and saw 8 of its levels.

You collected 462 gold pieces.
You spent 66 gold pieces at shops.

Inventory:

Hand Weapons
 a - a +0 hand axe
 V - a +1 hand axe of electrocution (weapon)
 W - a +0 battleaxe
Missiles
 Z - 3 throwing nets (quivered)
Armour
 r - a +0 large shield
 x - a +1 pair of boots (worn)
 B - a +0 chain mail (worn)
 K - a +1 hat (worn)
Jewellery
 s - a ring of see invisible (left hand)
 y - a +2 ring of slaying (right hand)
Wands
 C - a wand of confusion (13/48)
 D - a wand of digging (16/24)
Scrolls
 d - 4 scrolls of remove curse
 m - 2 scrolls of recharging
 p - 3 scrolls of immolation {unknown}
 w - a scroll of enchant weapon
 A - a scroll of noise
 J - a scroll of enchant armour {unknown}
 L - a scroll of random uselessness {unknown}
 M - a scroll of acquirement {unknown}
 P - 2 scrolls of blinking {unknown}
 R - a scroll of identify
 S - 2 scrolls of magic mapping {unknown}
 T - 2 scrolls of teleportation
 U - 2 scrolls of fog {unknown}
 Y - a scroll of brand weapon {unknown}
Potions
 g - a potion of brilliance
 v - 5 potions of mutation {!q}
 N - a potion of heal wounds
Comestibles
 c - 10 bread rations
 h - 3 royal jellies
 z - 4 meat rations
 X - 3 fruits


   Skills:
 - Level 5.7 Fighting
 + Level 16.8 Axes
 - Level 2.4 Dodging
 - Level 1.5 Stealth


You had 9 spell levels left.
You didn't know any spells.

Dungeon Overview and Level Annotations

Branches:
Dungeon (8/15)             Temple (0/1) D:7
   Lair: D:8-11

Altars:
Trog
Zin

Shops:
D:8 *

Annotations:
D:8 Erica


Message History

You feel sick. Erica hits you but does no damage. x2
You feel sick. Erica casts a spell at you. The bolt of poison hits you!
You are more poisoned.
* * * LOW HITPOINT WARNING * * *
The bolt of poison hits your orc warrior.
Your orc warrior dies!
You feel better.
Erica hits you with a scimitar of flaming!
Erica burns you.
* * * LOW HITPOINT WARNING * * *
You closely miss Erica.
Erica is almost dead.
Erica gestures at you while chanting. You resist with significant effort.
You swap places.
Erica points at you and mumbles some strange words.
The orb of energy hits you!
You die...

#.##.### #
#......#.#
#..###.#.# #..#
... ##.###.###
#.....# #
###.### ##.
##.## ..#
#@@.######
#.#####oo.......
#...#o)..######
#<.#.#### ##...#
#.∩.# #...#
#.#.# .[...


You could see Erica (invisible), the friendly Arbolt the orc warrior and 2
friendly orcs.

Vanquished Creatures
  The ghost of zkyp the Spear-Bearer, a novice CeAr (D:6)
  The ghost of SedStubbie the Covert, a novice OpAs of Dithmenos (D:5)
  Eustachio (D:5)
  A hungry ghost (D:7)
  Edmund (D:4)
  2 ice beasts
  2 phantoms
  A black bear (D:3)
  A hornet zombie (D:5)
  2 ogres
  2 bullfrogs (D:7)
  A big kobold (D:7)
  2 scorpions
  A howler monkey (D:4)
  2 wights
  A centaur zombie (D:6)
  4 crimson imps
  A bullfrog zombie (D:7)
  A jelly (D:6)
  5 orc priests (D:4)
  A gnoll shaman (D:7)
  2 hounds
  5 orc wizards
  3 centaur skeletons
  2 worker ants
  Terence (D:3)
  8 gnolls
  8 adders
  2 shadow imps
  An ooze (D:1)
  2 adder skeletons
  3 worms (D:3)
  3 dart slugs
  4 leopard geckos
  11 orcs
  A ball python (D:1)
  3 bats
  4 giant cockroaches
  6 goblins
  4 hobgoblins
  4 jackals (D:6)
  7 kobolds
  4 frilled lizards
  2 leopard gecko zombies (D:8)
  9 rats
133 creatures vanquished.

Vanquished Creatures (collateral kills)
  2 wights (D:7)
  A hound (D:6)
  A hound zombie (D:7)
  2 kobolds (D:7)
6 creatures vanquished.

Vanquished Creatures (others)
  An orc warrior (D:8)
  A howler monkey (D:4)
  A hound (D:4)
  2 adders (D:3)
  8 orcs
  A giant cockroach (D:3)
  A hobgoblin (D:3)
  2 quokkas (D:3)
  A rat (D:3)
18 creatures vanquished.

Grand Total: 157 creatures vanquished

Notes
Turn   | Place    | Note
-------+----------+-------------------------------------------
     0 | D:1      | Gorglomux the Hill Orc Monk began the quest for the Orb.
     0 | D:1      | Reached XP level 1. HP: 19/19 MP: 1/1
   469 | D:1      | Reached XP level 2. HP: 27/27 MP: 2/2
   667 | D:3      | Reached XP level 3. HP: 32/34 MP: 3/3
   677 | D:3      | Reached skill level 5 in Axes
   682 | D:3      | Became a worshipper of Beogh the Brigand
   682 | D:3      | Reached * piety under Beogh
   682 | D:3      | Reached ** piety under Beogh
   927 | D:3      | Noticed a black bear
  1793 | D:2      | Found a faded altar of an unknown god.
  1902 | D:2      | Reached XP level 4. HP: 41/41 MP: 4/4
  2442 | D:3      | Killed a black bear
  2442 | D:3      | Reached skill level 6 in Axes
  2442 | D:3      | Reached XP level 5. HP: 33/48 MP: 5/5
  2484 | D:3      | Noticed Terence
  2500 | D:3      | Killed Terence
  2937 | D:3      | Found a bloodstained altar of Trog.
  3284 | D:4      | Reached skill level 7 in Axes
  3284 | D:4      | Reached XP level 6. HP: 36/57 MP: 6/6
  3380 | D:4      | Noticed a phantom
  3394 | D:4      | Reached skill level 8 in Axes
  3397 | D:4      | HP: 1/57 [orc priest/divine providence (9)]
  3403 | D:4      | HP: 1/57 [orc priest/nerve-wracking pain (7)]
  3800 | D:4      | Killed a phantom
  3800 | D:4      | Reached XP level 7. HP: 33/62 MP: 7/7
  3999 | D:4      | Reached skill level 9 in Axes
  4496 | D:4      | Reached skill level 10 in Axes
  4548 | D:4      | Noticed Edmund
  4560 | D:4      | Killed Edmund
  4673 | D:5      | Entered Level 5 of the Dungeon
  4682 | D:5      | Reached *** piety under Beogh
  4685 | D:5      | Reached skill level 11 in Axes
  4685 | D:5      | Reached XP level 8. HP: 59/70 MP: 8/8
  4784 | D:5      | Noticed SedStubbie's ghost (novice OpAs)
  4794 | D:5      | Killed SedStubbie's ghost
  4794 | D:5      | Reached skill level 12 in Axes
  4975 | D:5      | Noticed Eustachio
  4986 | D:5      | Killed Eustachio
  4986 | D:5      | Reached skill level 13 in Axes
  5463 | D:6      | Noticed zkyp's ghost (novice CeAr)
  5747 | D:5      | Reached XP level 9. HP: 56/75 MP: 9/9
  5928 | D:6      | Reached skill level 14 in Axes
  6001 | D:6      | Found a glowing silver altar of Zin.
  6139 | D:6      | Killed zkyp's ghost
  6461 | D:7      | Reached skill level 15 in Axes
  6665 | D:7      | Found a staircase to the Ecumenical Temple.
  6679 | D:7      | Gained Arbolt as an ally
  6950 | D:7      | Reached skill level 16 in Axes
  6950 | D:7      | Reached XP level 10. HP: 82/83 MP: 10/10
  6959 | D:7      | Reached **** piety under Beogh
  7328 | D:8      | Found Escho's Assorted Antiques.
  7336 | D:8      | Bought a scroll labeled FIOGRUC FAYLA for 33 gold pieces
  7336 | D:8      | Bought a scroll labeled UPLAXZ HIMETIL for 33 gold pieces
  7350 | D:8      | Noticed Erica
  7388 | D:8      | Killed from afar by Erica

Skill      XL: |  1  2  3  4  5  6  7  8  9 |
---------------+----------------------------+-----
Fighting       | 4 5 |  5.7
Axes           | 5 6 7 8 11 13 16 | 16.8
Dodging        | |  2.4
Stealth        | |  1.5

Action                   |  1- 3 |  4- 6 |  7- 9 | 10-12 || total
-------------------------+-------+-------+-------+-------++-------
Melee: Hand axe          |   104 |   179 |   345 |    33 ||   661
Invok: Convert to Beogh  |     1 |       |       |       ||     1
       Smiting           |       |       |     1 |     1 ||     2
       Recall Orcish Fol |       |       |       |     1 ||     1
  Use: Scroll            |       |     8 |     3 |     1 ||    12
       Potion            |       |     6 |       |     1 ||     7
 Stab: Sleeping          |     1 |       |       |       ||     1
       Invisible         |       |     3 |       |       ||     3
       Distracted        |       |       |     2 |       ||     2
  Eat: Chunk             |     3 |     5 |     8 |     1 ||    17
       Meat ration       |       |       |     1 |       ||     1
Armor: Robe              |     1 |       |       |       ||     1
       Ring mail         |    30 |    10 |       |       ||    40
       Chain mail        |       |    80 |   140 |    10 ||   230
Dodge: Dodged            |    56 |    67 |    72 |    11 ||   206
